 Dungeon Crawl Stone Soup version 0.29-a0-315-gaf6dd05e2f (webtiles) character file.

Game seed: 15730818632561675161

56 jmlagarto the Bolt Thrower (level 4, 0/26 HPs)
             Began as a Kobold Arcane Marksman on Mar 30, 2022.
             Slain by a black bear (7 damage)
             ... on level 3 of the Dungeon.
             The game lasted 00:02:52 (2084 turns).

jmlagarto the Bolt Thrower (Kobold Arcane Marksman) Turns: 2084, Time: 00:02:53

Health: 0/26       AC:  5    Str:  7    XL:     4   Next: 17%
Magic:  4/6        EV: 15    Int: 14    God:
Gold:   45         SH:  0    Dex: 17    Spells: 5/6 levels left

rFire   . . .      SeeInvis .   a - +0 hand crossbow
rCold   . . .      Faith    .   (no shield)
rNeg    . . .      Spirit   .   b - +0 robe
rPois   .          Reflect  .   (no helmet)
rElec   .          Harm     .   m - +1 cloak
rCorr   .          Rampage  .   (no gloves)
Will    .....                   e - +0 pair of boots
Stlth   +++.......              (no amulet)
HPRegen 0.08/turn               (no ring)
MPRegen 0.10/turn               (no ring)

@: no status effects
A: small, no large weapons, nightstalker 3
a: no special abilities


You were on level 3 of the Dungeon.
You visited 1 branch of the dungeon, and saw 3 of its levels.

You collected 45 gold pieces.

Inventory:

Hand Weapons
 a - a +0 hand crossbow (weapon)
Armour
 b - a +0 robe (worn)
 e - a +0 pair of boots (worn)
 m - a +1 cloak (worn)
Wands
 l - a wand of paralysis (8)
Scrolls
 c - 2 scrolls of vulnerability
 f - a scroll of noise {unknown}
 g - 2 scrolls of teleportation {unknown}
 j - a scroll of magic mapping {unknown}
 k - a scroll of identify {unknown}
Potions
 d - a potion of attraction
 i - a potion of degeneration {unknown}


   Skills:
 + Level 2.0 Fighting
 + Level 3.4 Crossbows
 + Level 3.1 Dodging
 + Level 1.9 Spellcasting
 + Level 3.3 Hexes


You had 5 spell levels left.
You knew the following spells:

 Your Spells              Type           Power      Damage    Failure   Level
a - Slow                  Hex            40%        N/A       6%          1

Your spell library contained the following spells:

 Spells                   Type           Power      Damage    Failure   Level
 Confusing Touch          Hex            10%        N/A       19%         3
 Sublimation of Blood     Necr           1%         N/A       36%         2
 Inner Flame              Hex/Fire       6%         N/A       36%         3
 Portal Projectile        Hex/Tloc       12%        N/A       36%         3
 Cause Fear               Hex            5%         N/A       52%         4
 Gell's Gravitas          Tloc           1%         N/A       58%         3
 Teleport Other           Tloc           1%         N/A       58%         3
 Vampiric Draining        Necr           1%         2d6       58%         3
 Petrify                  Tmut/Erth      1%         N/A       94%         4
 Irradiate                Conj/Tmut      0%         3d13      100%        5
 Dispersal                Tloc           0%         N/A       100%        6


Dungeon Overview and Level Annotations

Branches:
Dungeon (3/15)

Altars:


Innate Abilities, Weirdness & Mutations

You are small and have problems with some larger weapons.
You are completely attuned to the shadows.


Message History

Confirm with . or Enter, or press ? or * to list all spells.
Aiming: Slow (safe; 6% risk of failure)
Press: ? - help, Shift-Dir - straight line, f/p - black bear
Aim: a black bear (chance to affect: 49%)
The black bear seems to slow down.
You shoot a bolt. The bolt hits the black bear.
The black bear is lightly wounded.
You shoot a bolt. The bolt hits the black bear.
The black bear is moderately wounded.
You shoot a bolt. The bolt hits the black bear.
The black bear is moderately wounded.
The black bear is no longer moving slowly.
Casting: Slow (safe; 6% risk of failure)
Confirm with . or Enter, or press ? or * to list all spells.
Aiming: Slow (safe; 6% risk of failure)
Press: ? - help, Shift-Dir - straight line, f/p - black bear
Aim: a black bear (moderately wounded, chance to affect: 49%)
The black bear seems to slow down.
You shoot a bolt. The bolt hits the black bear.
The black bear is heavily wounded.
You shoot a bolt. The bolt hits the black bear!
The black bear is almost dead.
The black bear shakes off its lethargy.
The black bear goes berserk!
You shoot a bolt. The bolt hits the black bear.
The black bear is almost dead.
The black bear bites you!
The black bear claws you but does no damage.
The black bear misses you.
Casting: Slow (safe; 6% risk of failure)
Confirm with . or Enter, or press ? or * to list all spells.
Aiming: Slow (safe; 6% risk of failure)
Press: ? - help, Shift-Dir - straight line, f/p - black bear
Aim: a black bear (almost dead, berserk, chance to affect: 49%)
The black bear resists with some effort.
The black bear bites you but does no damage.
The black bear claws you. x2
* * * LOW HITPOINT WARNING * * *
The black bear attacks as you move away!
The black bear bites you!
You die...

.... ♣+♣# #.♣ #### #.#.♣ ...#
#.#.♣ ...# #.#.♣
...###################)#.♣♣
...##........)).@h........♣♣
####..########...#####.##..♣♣ ♣
###............### #.###..♣♣ ♣♣
.....###..<......# #.# ##..♣♣♣.
###..# #.........# #.###.......
###.## #.........# #.##..#.####
....####.........#####...........
..............####...........####
............................###


You could see a black bear (berserk).

Vanquished Creatures
  A hound (D:2)
  2 worms (D:2)
  An orc (D:3)
  2 ball pythons (D:1)
  3 endoplasms (D:1)
  2 giant cockroaches
  4 goblins
  A bat (D:3)
  A frilled lizard (D:1)
  2 kobolds
  3 rats
22 creatures vanquished.

Notes
Turn   | Place    | Note
-------+----------+-------------------------------------------
     0 | D:1      | jmlagarto the Kobold Arcane Marksman began the quest for
                  | the Orb.
     0 | D:1      | Reached XP level 1. HP: 12/12 MP: 2/2
   316 | D:1      | Reached XP level 2. HP: 16/16 MP: 3/3
  1012 | D:2      | You fall into a shaft and drop 1 floor!
  1220 | D:2      | Reached XP level 3. HP: 20/20 MP: 5/5
  1749 | D:2      | Reached XP level 4. HP: 12/26 MP: 6/6
  2042 | D:3      | Noticed a black bear
  2084 | D:3      | Slain by a black bear

Illustrated notes

Levels and vault maps discovered:
D:1:      dpeg_arrival_boxes_within_box, layout_loops_cross,
          hangedman_abyss_or_decor_stabs, dreamdust_princess_bridge
D:2:      layout_basic, grunt_decor_fettered
D:3:      layout_rooms, dilly_ecumenical_altar_fadedgnrine,
          minmay_misc_feat_roman, hangedman_feature_mirror,
          chequers_decorated_corner, roderic_serpentine_path,
          kennysheep_cross_room

Skill      XL: |  1  2  3 |
---------------+----------+-----
Crossbows      | 3 |  3.4
Fighting       | 2 |  2.0
Dodging        | 3 |  3.1
Spellcasting   | |  1.9
Hexes          | |  3.3

Action                   |  1- 3 |  4- 6 || total
-------------------------+-------+-------++-------
 Fire: Hand crossbow     |    68 |     7 ||    75
 Cast: Slow              |     5 |     6 ||    11
  Use: Potion            |     2 |       ||     2
Armor: Robe              |     9 |     5 ||    14
Dodge: Dodged            |    46 |     8 ||    54

Table legend: (Time is in decaauts)
 A = Elapsed time spent in this place.
 B = Non-inter-level travel time spent in this place.
 C = Inter-level travel time spent in this place.
 D = Time resting spent in this place.
 E = Time spent auto-exploring this place.
 F = Levels seen in this place.
 G = Mean time per level.
                   A        B        C        D        E       F      G
               +--------+--------+--------+--------+--------+-----+--------+
         Total |   2111 |   1992 |    119 |      0 |   1722 |   3 |  703.7 |
       Dungeon |   2111 |   1992 |    119 |      0 |   1722 |   3 |  703.7 |
               +--------+--------+--------+--------+--------+-----+--------+

Top non-repeatable levels by time:
     D:1: 966 daAuts
     D:2: 706 daAuts
     D:3: 438 daAuts
